 Dungeon Crawl Stone Soup version 0.24-a0-235-g3f03afc (webtiles) character file.

Game seed: 12383816354659509640

8388 xeno23 the Covert (level 11, 0/70 HPs)
             Began as an Octopode Assassin on Apr 6, 2019.
             Was a Believer of Uskayaw.
             Slain by a yak (4 damage)
             ... on level 8 of the Dungeon.
             The game lasted 00:58:05 (10588 turns).

xeno23 the Covert (Octopode Assassin)              Turns: 10588, Time: 00:58:06

Health: 0/70       AC:  3    Str: 11 (12) XL:     11   Next: 30%
Magic:  1/15       EV: 15    Int: 17      God:    Uskayaw [**....]
Gold:   752        SH:  0    Dex: 15      Spells: 10/16 levels left

rFire    + . .     SeeInvis +   a - +1 dagger (flame)
rCold    . . .     Gourm    .   (no shield)
rNeg     . . .     Faith    .   (helmet restricted)
rPois    .         Spirit   .   G - amulet of regeneration
rElec    .         Reflect  .   g - +3 ring of intelligence
rCorr    .         Harm     .   p - ring of see invisible
MR       +....                  r - ring of fire
Stlth    ++++++....             I - ring of protection from magic
HPRegen  0.00/turn              (no ring)
MPRegen  0.14/turn              (no ring)
                                (no ring)
                                (no ring)

@: very slightly contaminated
A: almost no armour, stealthy swim, amphibious, 8 rings, constrict 8, molten
scales 1, camouflage 1, cold resistance 1, deterioration 1, inhibited
regeneration, gelatinous body 1
a: Stomp, Line Pass, Renounce Religion


You were on level 8 of the Dungeon.
You worshipped Uskayaw.
Uskayaw was noncommittal.
You were not hungry.

You visited 2 branches of the dungeon, and saw 11 of its levels.
You also visited: Sewer.

You collected 752 gold pieces.

Inventory:

Hand Weapons
 a - a +1 dagger of flaming (weapon)
 s - a +0 blowgun
 N - the +8 battleaxe "Concordance" {chop, rPois}
   (You found it on level 9 of the Dungeon)

   It inflicts extra damage upon your enemies.
   It protects you from poison.
Missiles
 c - 23 poisoned needles
 d - 8 curare-tipped needles
 C - 8 needles of sleeping
Jewellery
 g - a +3 ring of intelligence (left tentacle)
 p - a ring of see invisible (right tentacle)
 r - a ring of fire (on tentacle)
 G - an amulet of regeneration (around mantle)
 I - a ring of protection from magic (on tentacle)
Wands
 b - a wand of flame (28)
 v - a wand of scattershot (2)
 J - a wand of polymorph (13)
 K - a wand of paralysis (10)
Scrolls
 e - 2 scrolls of identify
 h - 2 scrolls of blinking {unknown}
 j - 2 scrolls of teleportation
 k - 8 scrolls of remove curse
 l - 3 scrolls of fog {unknown}
 o - 4 scrolls of enchant armour
 t - 3 scrolls of magic mapping {unknown}
 y - a scroll of noise {unknown}
 A - 3 scrolls of fear {unknown}
 D - a scroll of immolation {unknown}
 E - 2 scrolls of random uselessness {unknown}
 F - a scroll of amnesia {unknown}
Potions
 i - 3 potions of flight
 n - 2 potions of haste
 q - 4 potions of magic
 u - 6 potions of brilliance
 w - 2 potions of curing
 x - 2 potions of heal wounds
 z - a potion of ambrosia
 B - 2 potions of might
 M - a potion of berserk rage
Comestibles
 f - 21 rations


   Skills:
 - Level 4.4 Fighting
 - Level 10.0 Short Blades
 - Level 4.5 Throwing
 - Level 4.1 Dodging
 - Level 11.5 Stealth
 + Level 3.1 Spellcasting
 * Level 5.2 Hexes
 + Level 2.7 Charms
 + Level 2.7 Necromancy
 - Level 3.7 Invocations
 - Level 5.0 Evocations


You had 10 spell levels left.
You knew the following spells:

 Your Spells              Type           Power        Failure   Level  Hunger
a - Confuse               Hex            ###.....     6%          3    ###....
e - Regeneration          Chrm/Necr      ##........   17%         3    ###....

Your spell library contained the following spells:

 Spells                   Type           Power        Failure   Level  Hunger
 Confusing Touch          Hex            ###...       1%          1    None
 Infusion                 Chrm           ##..         6%          1    None
 Song of Slaying          Chrm           ##......     9%          2    ##.....
 Spectral Weapon          Hex/Chrm       ###.....     10%         3    ###....
 Shroud of Golubria       Chrm/Tloc      #.........   16%         2    ##.....
 Magic Dart               Conj           #...         17%         1    None
 Gell's Gravitas          Tloc           #.........   45%         3    ###....
 Stone Arrow              Conj/Erth      #.....       45%         3    ###....
 Agony                    Necr           ##......     85%         5    ######.
 Metabolic Englaciation   Hex/Ice        ##........   85%         5    ######.
 Yara's Violent Unravell  Hex/Tmut       ##........   85%         5    ######.
 Petrify                  Tmut/Erth      #.......     86%         4    ####...
 Irradiate                Conj/Tmut      #.........   99%         5    ######.
 Death Channel            Necr           ##........   100%        6    #######


Dungeon Overview and Level Annotations

Branches:
Dungeon (10/15)            Temple (1/1) D:6
   Lair: D:8-11         Orc: D:9-12

Altars:
Ashenzari
Cheibriados
Dithmenos
Elyvilon
Fedhas
Gozag
Hepliaklqana
Kikubaaqudgha
Makhleb
Nemelex Xobeh
Okawaru
Qazlal
Ru
Sif Muna
Trog
Uskayaw
Vehumet
Wu Jian
Xom
Yredelemnul
Zin
The Shining One

Annotations:
D:2 1 exclusion
D:3 3 runed translucent doors, xeno23's ghost, amateur OpAs
D:8 1 exclusion


Innate Abilities, Weirdness & Mutations

You cannot wear most types of armour.
You are very stealthy in the water. (Stealth+)
You are amphibious.
You can wear up to eight rings at the same time.
You can use your tentacles to constrict eight enemies at once.
Your skin changes colour to match your surroundings (Stealth+).
Your rubbery body absorbs attacks. (AC +1, EV +1)
You are partially covered in molten scales. (AC +2)
Your flesh is cold resistant. (rC+)
Your body sometimes deteriorates upon taking damage.
You do not regenerate when monsters are visible.


Message History

You take 18 damage.
You hit the yak. You burn the yak.
The yak is moderately wounded.
You hit the yak. You burn the yak. You squeeze the yak!
The yak is heavily wounded.
The yak gores you!
* * * LOW HITPOINT WARNING * * *
You can now pass through a line of other dancers.
You take 15 damage.
You barely miss the yak.
The yak is heavily wounded.
You hit the yak but do no damage.
The yak is heavily wounded.
The yak closely misses you.
You hit the yak but do no damage.
The yak is heavily wounded.
You barely miss the yak.
The yak is heavily wounded.
The yak gores you.
You die...

###### #.##.# ####....# #.##.#..#
#....#.## ###########
#.####.########## #.........# #.#
#..........#
#....)....#######.#############..
.....(....'....Y@>#...........#..
#....[....######.[...............
##'######## #.#####.#########.
รท...# #.#..[......#..... ....#
##.#.###.###.#.#### ....######
#..#.+.#.#.'.#.#.## .........#
#..#.#.#.#.#.#.##.#
.........######....#.+('.#...###.
##.###...........#.#D#.#.#.#.##.#


You could see a yak (confused).

Vanquished Creatures
  Pikel (D:7)
  A kobold demonologist (D:8)
  A centaur skeleton (D:10)
  A queen bee (D:7)
  A hornet (D:8)
  2 hippogriffs
  A yak (D:9)
  2 wraiths
  A wyvern (D:9)
  2 hungry ghosts
  3 water moccasins
  A porcupine (D:9)
  Duvessa (D:7)
  4 sky beasts
  An ice beast (D:5)
  3 phantoms
  An eye of draining (D:10)
  8 ogres
  6 centaurs
  A big kobold (D:8)
  9 bullfrogs
  A gnoll sergeant (D:8)
  4 scorpions
  15 killer bees
  4 wights
  3 bullfrog zombies
  4 crimson imps
  6 jellies
  A quasit (D:9)
  4 orc priests
  A centaur zombie (D:5)
  3 hounds
  4 bullfrog skeletons
  A gnoll shaman (D:5)
  5 orc wizards
  Ijyb (D:4)
  5 iguanas
  7 worker ants
  2 killer bee zombies
  A hound zombie (D:9)
  2 hound skeletons
  A worker ant zombie (D:9)
  13 adders
  7 gnolls
  6 river rats
  A shadow imp (D:10)
  2 oozes (Sewer)
  2 adder skeletons
  2 adder zombies
  3 worms
  A dart slug (D:1)
  3 leopard geckos
  38 orcs
  6 giant cockroaches
  6 goblins
  7 hobgoblins
  8 jackals
  2 quokkas
  12 ball pythons
  A ball python zombie (D:6)
  7 bats
  4 frilled lizards
  12 kobolds
  A leopard gecko skeleton (D:8)
  A quokka skeleton (D:8)
  32 rats
  A spectral orc (D:7)
304 creatures vanquished.

Vanquished Creatures (others)
  A slave (D:7)
  A bullfrog (D:7)
  Dowan (D:7)
  3 fungi (D:9)
  3 plants (D:9)
9 creatures vanquished.

Grand Total: 313 creatures vanquished

Notes
Turn   | Place    | Note
-------+----------+-------------------------------------------
     0 | D:1      | xeno23 the Octopode Assassin began the quest for the Orb.
     0 | D:1      | Reached XP level 1. HP: 14/14 MP: 1/1
   341 | D:1      | Reached XP level 2. HP: 15/19 MP: 2/2
   670 | D:1      | Reached XP level 3. HP: 12/24 MP: 3/3
   829 | D:2      | Found a faded altar of an unknown god.
  1145 | D:2      | Reached skill level 6 in Stealth
  1661 | D:3      | Reached XP level 4. HP: 29/29 MP: 4/4
  1676 | D:3      | Found a runed translucent gate.
  1676 | D:3      | Found a runed translucent gate.
  1676 | D:3      | Found a runed translucent gate.
  1692 | D:3      | Noticed xeno23's ghost (amateur OpAs)
  1877 | D:3      | Reached XP level 5. HP: 25/34 MP: 3/5
  1920 | D:3      | Found a glowing drain.
  1980 | Sewer    | Entered a sewer
  2218 | Sewer    | Reached skill level 5 in Short Blades
  2218 | Sewer    | Reached skill level 7 in Stealth
  2231 | Sewer    | Reached XP level 6. HP: 13/39 MP: 0/6
  2989 | D:3      | Reached XP level 7. HP: 28/45 MP: 4/7
  3692 | D:4      | Noticed Ijyb
  3697 | D:4      | Killed Ijyb
  3732 | D:4      | Reached skill level 8 in Stealth
  3896 | D:4      | Found a sacrificial altar of Ru.
  4018 | D:4      | Found a hazy altar of Hepliaklqana.
  4092 | D:4      | Found a bloodstained altar of Trog.
  4157 | D:5      | Entered Level 5 of the Dungeon
  4627 | D:5      | Found a blossoming altar of Fedhas.
  4827 | D:5      | Reached skill level 9 in Stealth
  4827 | D:5      | Reached XP level 8. HP: 43/50 MP: 8/8
  5268 | D:5      | Reached skill level 10 in Stealth
  5528 | D:6      | Reached skill level 1 in Evocations
  5682 | D:6      | Reached XP level 9. HP: 48/54 MP: 8/10
  5932 | D:6      | Found a staircase to the Ecumenical Temple.
  5938 | Temple   | Entered the Ecumenical Temple
  6293 | D:7      | You fall through a shaft!
  6374 | D:7      | Found a basalt altar of Yredelemnul.
  6473 | D:7      | Noticed Duvessa
  6475 | D:7      | Noticed Dowan
  6602 | D:7      | Noticed Pikel
  6605 | D:7      | Killed Pikel
  6636 | D:7      | Killed Dowan
  6688 | D:7      | Killed Duvessa
  6809 | D:7      | Found an ancient bone altar of Kikubaaqudgha.
  6810 | D:7      | Found a snail-covered altar of Cheibriados.
  6810 | D:7      | Found an ornate altar of the Wu Jian Council.
  6816 | D:7      | Found a shadowy altar of Dithmenos.
  6816 | D:7      | Found a hide-covered altar of Uskayaw.
  6817 | D:7      | Found a glowing silver altar of Zin.
  6825 | D:7      | Became a worshipper of Uskayaw the Reveler
  6860 | D:8      | Noticed a hornet
  6874 | D:8      | Reached * piety under Uskayaw
  6876 | D:8      | Reached ** piety under Uskayaw
  6907 | D:8      | Reached XP level 10. HP: 63/63 MP: 13/13
  6957 | D:8      | Reached *** piety under Uskayaw
  6958 | D:8      | Reached skill level 10 in Short Blades
  6958 | D:8      | Reached skill level 11 in Stealth
  7010 | D:8      | Identified Sif Muna's Grimoire of Lethal Darkness
  7042 | D:8      | Reached skill level 1 in Invocations
  7042 | D:8      | Reached skill level 5 in Evocations
  7060 | D:8      | Learned a level 3 spell: Confuse
  7105 | D:8      | Found a bloodstained altar of Trog.
  7278 | D:8      | Reached skill level 1 in Hexes
  7281 | D:8      | Reached skill level 1 in Spellcasting
  7282 | D:8      | Noticed a kobold demonologist
  8297 | D:8      | Noticed a seven-headed hydra
  8316 | D:8      | Noticed a rust devil
  8321 | D:8      | Killed a kobold demonologist
  8574 | D:8      | Learned a level 3 spell: Regeneration
  8766 | D:9      | Got a crude battleaxe
  8767 | D:9      | Identified the +8 battleaxe "Concordance" {chop, rPois}
                  | (You found it on level 9 of the Dungeon)
  9008 | D:8      | Gained mutation: You do not regenerate when monsters are
                  | visible. [potion of mutation]
  9008 | D:8      | Gained mutation: Your flesh is cold resistant. (rC+)
                  | [potion of mutation]
  9008 | D:8      | Gained mutation: Your body sometimes deteriorates upon
                  | taking damage. [potion of mutation]
  9008 | D:8      | Gained mutation: You are partially covered in molten
                  | scales. (AC +2) [potion of mutation]
  9448 | D:9      | Reached XP level 11. HP: 70/70 MP: 15/15
  9503 | D:9      | Reached skill level 1 in Charms
  9503 | D:9      | Reached skill level 1 in Necromancy
  9508 | D:9      | Found a white marble altar of Elyvilon.
  9882 | D:10     | Entered Level 10 of the Dungeon
 10053 | D:10     | Reached skill level 5 in Hexes
 10588 | D:8      | Slain by a yak

Levels and vault maps discovered:
D:1:      minmay_arrival_wavy_path, layout_basic, hangedman_decor_points,
          grunt_decor_cap
D:2:      layout_loops_ring, chequers_ecumenical_altar_simple, hex_large,
          due_unseen_surprise
D:3:      layout_loops_ring, portal_sewer_entry_b, gammafunk_ghost_necromancy
D:4:      layout_cave_pools, lemuel_coloured_pillars_altar,
          lemuel_crystal_altar, first_ration, trog_three_pillars_becter,
          uniq_ijyb
D:5:      layout_cave_pods, fedhas_altar_3
D:6:      layout_loops_cross, temple_green
D:7:      layout_cave_pools, yredelemnul_forgotten_temple_becter,
          grunt_temple_overflow_open, uniq_pikel, uniq_duvessa
D:8:      layout_basic, kennysheep_little_box, david_nohive_1,
          minmay_the_grid_2x2 [minmay_the_grid_box_x, minmay_the_grid_doors,
          minmay_the_grid_fan, minmay_the_grid_prize_inner_circle]
D:9:      layout_cave_pools, grunt_lair_entry_orc_guard_hut, basic_altar,
          chequers_serial_rivers_micro_a, nicolae_two_hexagons
D:10:     nicolae_whirlpool, layout_rooms
Temple:   minmay_temple_curvy_loop
Sewer:    sewer_minmay_w

Skill      XL: |  1  2  3  4  5  6  7  8  9 10 11 |
---------------+----------------------------------+-----
Short Blades   | 3 4 5 6 7 9 10 | 10.0
Stealth        | 6 7 9 10 11 | 11.5
Evocations     | 1 4 5 |  5.0
Dodging        | 3 4 |  4.1
Fighting       | 3 4 |  4.4
Throwing       | 3 4 |  4.5
Invocations    | 3 |  3.7
Hexes          | 3 5 |  5.2
Spellcasting   | 3 |  3.1
Charms         | 2 |  2.7
Necromancy     | 2 |  2.7

Action                   |  1- 3 |  4- 6 |  7- 9 | 10-12 || total
-------------------------+-------+-------+-------+-------++-------
Melee: Dagger            |    70 |   162 |   255 |   433 ||   920
       Constrict         |    12 |    37 |    46 |    47 ||   142
       Tentacles         |    10 |    33 |    43 |    86 ||   172
       Hand axe          |       |       |     4 |       ||     4
       Battleaxe         |       |       |       |     4 ||     4
 Fire: Blowgun           |       |     4 |    25 |    37 ||    66
 Cast: Confuse           |       |       |       |    20 ||    20
       Regeneration      |       |       |       |    11 ||    11
Invok: Line Pass         |       |       |       |     1 ||     1
Evoke: Wand              |       |       |       |     8 ||     8
  Use: Scroll            |     4 |     1 |     2 |     7 ||    14
       Potion            |       |     2 |       |     3 ||     5
 Stab: Sleeping          |    15 |     7 |    44 |    11 ||    77
       Distracted        |       |     1 |     1 |     2 ||     4
       Paralysed         |       |       |       |    10 ||    10
       Confused          |       |       |       |     2 ||     2
  Eat: Chunk             |     2 |     5 |    13 |    10 ||    30
       Ration            |       |       |       |     3 ||     3
Armor: Skin              |     6 |    10 |     5 |    14 ||    35
Dodge: Dodged            |    37 |   111 |    77 |   215 ||   440

Table legend:
 A = Non-vault XP
 B = Vault XP
 C = Vault XP percentage of total XP
 D = Non-vault monster count
 E = Vault monster count
 F = Vault count percentage of total count
                 A         B        C        D         E       F
            +---------+---------+-------+---------+---------+-------
      Total |    7566 |    4417 |  36.9 |     209 |      95 |  31.2
            +---------+---------+-------+---------+---------+-------
        D:1 |      38 |       0 |   0.0 |      21 |       0 |   0.0
        D:2 |      35 |       0 |   0.0 |      15 |       0 |   0.0
        D:3 |     151 |      54 |  26.3 |      29 |       9 |  23.7
        D:4 |     120 |      38 |  24.1 |       6 |       1 |  14.3
        D:5 |    1178 |       0 |   0.0 |      34 |       0 |   0.0
        D:6 |     929 |       0 |   0.0 |      22 |       0 |   0.0
        D:7 |     798 |    1154 |  59.1 |      19 |       6 |  24.0
        D:8 |    1444 |    2264 |  61.1 |      29 |      26 |  47.3
        D:9 |    1445 |     311 |  17.7 |      19 |       3 |  13.6
       D:10 |    1428 |     221 |  13.4 |      15 |       2 |  11.8
      Sewer |       0 |     375 | 100.0 |       0 |      48 | 100.0
            +---------+---------+-------+---------+---------+-------
